 Dungeon Crawl Stone Soup version 0.29.1-15-g9cfb28693d (webtiles) character file.

Game seed: 15008607411611147527

156 Alturiack the Ducker (level 5, 0/25 HPs)
             Began as a Spriggan Arcane Marksman on Apr 11, 2023.
             Slain by a hound (3 damage)
             ... on level 4 of the Dungeon.
             The game lasted 00:08:59 (3730 turns).

Alturiack the Ducker (Spriggan Arcane Marksman)     Turns: 3730, Time: 00:08:59

Health: 0/25       AC:  2    Str:  6    XL:     5   Next: 14%
Magic:  9/9        EV: 19    Int: 15    God:
Gold:   241        SH:  0    Dex: 17    Spells: 7/8 levels left

rFire   . . .      SeeInvis +   a - +1 sling
rCold   . . .      Faith    .   (no shield)
rNeg    . . .      Spirit   .   c - +0 robe
rPois   .          Reflect  .   (helmet restricted)
rElec   .          Harm     .   (no cloak)
rCorr   .          Rampage  .   (gloves unavailable)
Will    .....                   (boots unavailable)
Stlth   ++........              (no amulet)
HPRegen 0.08/turn               (no ring)
MPRegen 0.11/turn               (no ring)

@: very quick
A: very small, no large weapons, unfitting armour, see invisible, speed 3
a: no special abilities


You were on level 4 of the Dungeon.
You visited 1 branch of the dungeon, and saw 4 of its levels.

You collected 241 gold pieces.

Inventory:

Hand Weapons
 a - a +1 sling (weapon)
Armour
 c - a +0 robe (worn)
Jewellery
 g - a ring of ice
Scrolls
 b - 3 scrolls of poison
 d - 9 scrolls of identify {unknown}
 i - a scroll of enchant weapon {unknown}
 l - a scroll of fear {unknown}
 n - a scroll of silence {unknown}
 o - a scroll of blinking {unknown}
 p - a scroll of noise {unknown}
Potions
 e - a potion of brilliance {unknown}
 f - a potion of might {unknown}
 h - a potion of mutation {unknown}
 j - a potion of ambrosia {unknown}
 k - a potion of haste {unknown}
 m - a potion of lignification {unknown}


   Skills:
 - Level 0.7 Fighting
 + Level 3.8 Ranged Weapons
 + Level 5.2 Dodging
 - Level 2.1 Spellcasting
 - Level 3.6 Hexes


You had 7 spell levels left.
You knew the following spells:

 Your Spells              Type           Power      Damage    Failure   Level
a - Slow                  Hex            48%        N/A       4%          1

Your spell library contained the following spells:

 Spells                   Type           Power      Damage    Failure   Level
 Apportation              Tloc           2%         N/A       22%         1
 Beastly Appendage        Tmut           2%         N/A       22%         1
 Necrotise                Necr           4%         1d4       22%         1
 Shock                    Conj/Air       4%         1d3       22%         1
 Summon Small Mammal      Summ           4%         N/A       22%         1
 Inner Flame              Hex/Fire       7%         N/A       30%         3
 Portal Projectile        Hex/Tloc       14%        N/A       30%         3
 Wereblood                Tmut           1%         N/A       32%         2
 Cause Fear               Hex            6%         N/A       43%         4
 Spider Form              Tmut/Pois      1%         N/A       54%         3
 Swiftness                Air            1%         N/A       54%         3
 Airstrike                Air            0%         2d(1-17)  91%         4


Dungeon Overview and Level Annotations

Branches:
Dungeon (4/15)
 Temple: D:4-7

Altars:
Gozag
Qazlal
The Shining One


Innate Abilities, Weirdness & Mutations

You are very small and have problems with some larger weapons.
You are too small for most types of armour.
You have supernaturally acute eyesight. (SInv)
You cover ground extremely quickly. (Speed+++)


Message History

The orc barely misses you. The hound completely misses you.
The hound misses you. The hound barely misses you.
A hound and an ogre come into view.
A jelly comes into view.
The ogre shouts!
You hear a shout!
You hear an angry hiss.
The hound closely misses you.
The hound barks!
The hound closely misses you.
The hound stops to sniff the ground.
You see here a quokka skeleton.
Things that are here:
a +0 short sword; a +0 chain mail The hound bites you but does no damage.
The hound barely misses you. The hound barely misses you.
The hound barely misses you. The hound bites you but does no damage.
As you open the door, it creaks loudly! The hound completely misses you.
The jelly jiggles.
The hound misses you.
The hound stops to sniff the ground.
The hound misses you. The hound misses you.
An ogre breaks down the door.
Found a ring mail.
The jelly jiggles.
Found 19 gold pieces.
The hound barely misses you.
A kobold comes into view. It is wielding a +0 club.
The kobold shouts!
The kobold completely misses you. The hound bites you but does no damage.
The hound closely misses you.
The kobold throws a stone.
The stone misses you. The hound bites you.
* * * LOW HITPOINT WARNING * * *
The hound barely misses you. x2
Found a steel ring.
The hound bites you.
You die...

#...............##.#.#...o..o...
#..................#.###....###.
#...........#+#.#....#..........
#......##.....#.....O...........
#...............#...KJ..........
##...##.#.#...###...............
#......#.......h...............
#.......##.....h.####..........
#.......+.....@...# #..........
#.......##........# #..........
#.......##........# #..........
...............................
#..................
.#.................=
....................
.......<............
................


You could see an ogre, 2 hounds, a jelly and a kobold.

Vanquished Creatures
  An orc priest (D:3)
  An orc wizard (D:4)
  Robin (D:2)
  2 adders
  A worm (D:4)
  A dart slug (D:1)
  7 orcs
  3 ball pythons
  5 endoplasms
  A giant cockroach (D:4)
  14 goblins
  7 hobgoblins
  3 quokkas
  4 bats
  3 frilled lizards
  2 kobolds
  5 rats
61 creatures vanquished.

Notes
Turn   | Place    | Note
-------+----------+-------------------------------------------
     0 | D:1      | Alturiack the Spriggan Arcane Marksman began the quest for
                  | the Orb.
     0 | D:1      | Reached XP level 1. HP: 9/9 MP: 3/3
   170 | D:1      | Found a faded altar of an unknown god.
   226 | D:1      | Reached skill level 3 in Dodging
   439 | D:1      | Reached XP level 2. HP: 14/14 MP: 5/5
  1495 | D:2      | Noticed Robin
  1514 | D:2      | Reached XP level 3. HP: 11/17 MP: 7/7
  1545 | D:2      | Killed Robin
  1548 | D:2      | Reached skill level 4 in Dodging
  2084 | D:3      | Reached XP level 4. HP: 15/21 MP: 8/8
  2258 | D:3      | Identified the +1 scale mail "Vaashung" {Str+6}
  2363 | D:3      | Found a glowing golden altar of the Shining One.
  2899 | D:3      | Found an opulent altar of Gozag.
  3308 | D:4      | Reached skill level 5 in Dodging
  3455 | D:4      | Found a stormy altar of Qazlal.
  3619 | D:4      | Reached XP level 5. HP: 16/25 MP: 9/9
  3645 | D:4      | Noticed an ogre
  3730 | D:4      | Slain by a hound

Illustrated notes

Levels and vault maps discovered:
D:1:      elethiomel_arrival_infinity_welcomes_careful_drivers,
          layout_loops_ring, hellmonk_ecumenical_altar_heavens_door,
          dreamdust_mushroom_princess, serial_bayou_lagoon_b
D:2:      layout_basic, minmay_door_square, uniq_robin
D:3:      layout_basic, nicolae_gozag_seed_capital,
          mainiacjoe_overflow_six_doors_small
D:4:      layout_basic, kennysheep_mini_moat,
          yredelemnul_forgotten_temple_becter, mainiacjoe_overflow_chevrons

Skill      XL: |  1  2  3  4 |
---------------+-------------+-----
Dodging        | 3 4 5 |  5.2
Spellcasting   | 2 |  2.1
Ranged Weapons | 3 |  3.8
Fighting       | |  0.7
Hexes          | |  3.6

Action                   |  1- 3 |  4- 6 || total
-------------------------+-------+-------++-------
 Fire: Sling             |   116 |    98 ||   214
 Cast: Slow              |     4 |       ||     4
Armor: Robe              |     6 |     6 ||    12
Dodge: Dodged            |    44 |    76 ||   120
